 Dungeon Crawl Stone Soup version 0.29-a0-993-g4a18f31a58 (webtiles) character file.

Game seed: 13436441425428969053

3127 avis the Chiller (level 9, -1/68 (74) HPs)
             Began as a Demigod Ice Elementalist on Aug 3, 2022.
             Shot with an arrow by a centaur (2 damage)
             ... on level 8 of the Dungeon.
             The game lasted 01:11:40 (11300 turns).

avis the Chiller (Demigod Ice Elementalist)        Turns: 11300, Time: 01:11:41

HP:   -1/68 (74)    AC: 10    Str:  9    XL:     9   Next: 35%
MP:   11/20         EV: 15    Int: 17    God:
Gold: 451           SH:  0    Dex: 26    Spells: 11/18 levels left

rFire   . . .      SeeInvis .   b - +0 shortbow
rCold   . . .      Faith    .   (shield currently unavailable)
rNeg    . . .      Spirit   .   c - +0 robe
rPois   .          Reflect  .   (no helmet)
rElec   .          Harm     .   (no cloak)
rCorr   .          Rampage  .   g - +0 pair of gloves
Will    .....                   (no boots)
Stlth   +++.......              (no amulet)
HPRegen 0.21/turn               (no ring)
MPRegen 0.17/turn               (no ring)

@: ice-armoured, freezing walls, drained
A: high MP 1, forlorn, divine attributes
a: no special abilities


You were on level 8 of the Dungeon.
You visited 2 branches of the dungeon, and saw 9 of its levels.
You also visited: Bailey.

You collected 451 gold pieces.

Inventory:

Hand Weapons
 a - a +2 rapier of electrocution
 b - a +0 shortbow (weapon)
 z - a +1 vampiric halberd
 G - a +1 halberd of electrocution
 J - a +2 halberd of draining
Missiles
 q - a curare-tipped dart
 t - 4 javelins
Armour
 c - a +0 robe (worn)
 g - a +0 pair of gloves (worn)
Wands
 I - a wand of mindburst (13)
Scrolls
 d - 4 scrolls of magic mapping {unknown}
 i - a scroll of enchant armour {unknown}
 j - 4 scrolls of vulnerability {unknown}
 l - 3 scrolls of teleportation {unknown}
 m - 3 scrolls of identify {unknown}
 n - 3 scrolls of poison {unknown}
 o - a scroll of fear {unknown}
 p - a scroll of butterflies
 r - a scroll of noise {unknown}
 y - a scroll of silence {unknown}
 A - a scroll of immolation {unknown}
 B - a scroll of torment {unknown}
 C - a scroll of summoning {unknown}
 E - a scroll of enchant weapon {unknown}
 H - a scroll of blinking {unknown}
Potions
 e - 2 potions of resistance {unknown}
 f - 3 potions of degeneration {unknown}
 h - 2 potions of curing
 k - a potion of magic
 u - 7 potions of heal wounds {unknown}
 v - 2 potions of attraction {unknown}
 w - 4 potions of might {unknown}
 x - 3 potions of mutation {unknown}
 D - 2 potions of lignification {unknown}
 F - 3 potions of brilliance {unknown}
 K - 4 potions of haste {unknown}
 L - 2 potions of cancellation {unknown}
 M - a potion of experience {unknown}
Miscellaneous
 s - a piece from Xom's chessboard (15/15)


   Skills:
 - Level 5.0 Fighting
 - Level 6.0 Ranged Weapons
 * Level 4.3 Dodging
 - Level 4.0 Stealth
 - Level 5.0 Spellcasting
 - Level 7.0 Ice Magic


You had 11 spell levels left.
You knew the following spells:

 Your Spells              Type           Power      Damage    Failure   Level
a - Freeze                Ice            100%       1d11      1%          1
o - Ozocubu's Armour      Ice            28%        N/A       2%          3
r - Frozen Ramparts       Ice            56%        1d13      2%          3

Your spell library contained the following spells:

 Spells                   Type           Power      Damage    Failure   Level
 Ensorcelled Hibernation  Hex/Ice        32%        N/A       4%          2
 Apportation              Tloc           8%         N/A       14%         1
 Foxfire                  Conj/Fire      16%        2x1d4     14%         1
 Sting                    Tmut/Pois      16%        1d3       14%         1
 Passwall                 Tmut/Erth      3%         N/A       22%         2
 Poisonous Vapours        Pois/Air       8%         N/A       22%         2
 Hailstorm                Conj/Ice       16%        3d6       32%         4
 Conjure Flame            Conj/Fire      4%         6-21      38%         3
 Ignite Poison            Fire/Tmut/Pois 4%         N/A       38%         3
 Inner Flame              Hex/Fire       4%         N/A       38%         3
 Swiftness                Air            4%         N/A       38%         3
 Animate Dead             Necr           4%         N/A       80%         4
 Flame Wave               Conj/Fire      4%         2d5       80%         4
 Olgreb's Toxic Radiance  Pois           4%         N/A       80%         4
 Sticky Flame             Conj/Fire      4%         2d3       80%         4
 Alistair's Intoxication  Tmut/Pois      2%         N/A       98%         5
 Borgnjor's Vile Clutch   Necr/Erth      2%         N/A       98%         5
 Iskenderun's Battlesphe  Conj           4%         2d6       98%         5
 Death Channel            Necr           2%         N/A       100%        6
 Polar Vortex             Ice            14%        N/A       100%        9


Dungeon Overview and Level Annotations

Branches:
Dungeon (8/15)             Temple (1/1) D:6          Bailey (visited)
   Lair: D:8-11

Shops:
D:1 *


Innate Abilities, Weirdness & Mutations

You have an increased reservoir of magic. (+10% MP)
You shall have no god before yourself.
Your divine heritage dramatically boosts your attributes as you level up.


Message History

The orc closely misses you. The steam dragon barely misses you.
The steam dragon claws you but does no damage.
Fire: b) +0 shortbow
Press: ? - help, Q - select action, (/) - cycle Shift-Dir - straight line, f/p - steam dragon
Aim: a steam dragon (almost dead, catching its breath, 69% to hit)
You shoot an arrow.
The arrow barely misses the steam dragon.
The steam dragon completely misses you. The steam dragon barely misses you.
The orc closely misses you.
Casting: Frozen Ramparts (dangerous; 2% risk of failure)
Confirm with . or Enter, or press ? or * to list all spells.
A film of ice covers your body! The steam dragon breathes steam at you.
The ball of steam misses you. The orc hits you but does no damage.
Casting: Ozocubu's Armour (dangerous; 2% risk of failure)
Confirm with . or Enter, or press ? or * to list all spells.
Casting: Frozen Ramparts (dangerous; 2% risk of failure)
Press: ? - help, Dir - look around, f - activate
There is a cloud of steam here.
The walls around you are covered in ice.
You are engulfed in a cloud of scalding steam.
* * * LOW HITPOINT WARNING * * *
The wall freezes the steam dragon.
You kill the steam dragon!
The wall freezes the orc!
You kill the orc!
The heat melts your icy armour.
Training target 6.0 for Ranged Weapons reached!
Your Ranged Weapons skill increases to level 6!
You need to enable at least one skill for training.
Fire: b) +0 shortbow
Press: ? - help, Q - select action, (/) - cycle Shift-Dir - straight line, f - centaur
Aim: a centaur (78% to hit)
You shoot an arrow. The arrow hits the centaur!
The centaur is moderately wounded.
You are engulfed in a cloud of scalding steam.
* * * LOW HITPOINT WARNING * * *
The wall freezes the centaur!
The centaur wields a +0 shortbow.
The centaur shoots an arrow.
The arrow hits you.
You die...

... ......#
... ...#..
#... .....#
#)).##....
#...#....##
##.........#
.....c)....#
.. ##@..#
#.#.§..#
#.....##
#...§<.##
#...§...#
#......##
##.....#
#.....#
........


You could see a centaur.

Vanquished Creatures
  4 steam dragons
  A water moccasin (D:7)
  An orc warrior (Bailey)
  A black bear (D:5)
  2 ice beasts
  3 ogres
  4 centaurs
  A kobold brigand (D:7)
  2 scorpions
  3 necrophages
  A killer bee (D:7)
  A vampire bat (D:5)
  A howler monkey (D:7)
  3 hounds
  2 jellies (D:6)
  A gnoll bouda (D:5)
  3 orc priests
  6 iguanas
  3 orc wizards
  16 gnolls
  20 adders
  A white imp (D:7)
  2 ufetubi
  3 dart slugs
  3 fire bats (D:5)
  A worm (D:2)
  32 orcs
  2 spectral bats (D:5)
  12 ball pythons
  15 bats
  3 bat skeletons (D:5)
  A bat zombie (D:5)
  7 endoplasms
  5 giant cockroaches
  6 goblins
  4 hobgoblins
  10 kobolds
  4 quokkas
  A bat simulacrum (D:5)
  6 frilled lizards
  6 rats
203 creatures vanquished.

Vanquished Creatures (others)
  An orc (D:7)
1 creature vanquished.

Grand Total: 204 creatures vanquished

Notes
Turn   | Place    | Note
-------+----------+-------------------------------------------
     0 | D:1      | avis the Demigod Ice Elementalist began the quest for the
                  | Orb.
     0 | D:1      | Reached XP level 1. HP: 14/14 MP: 5/5
   186 | D:1      | Reached skill level 1 in Fighting
   568 | D:1      | Reached XP level 2. HP: 21/23 MP: 5/7
  1173 | D:1      | Found Moho's General Store.
  1712 | D:2      | Reached XP level 3. HP: 25/29 MP: 3/8
  1758 | D:2      | Learned a level 3 spell: Ozocubu's Armour
  1909 | D:2      | Reached skill level 4 in Ice Magic
  2352 | D:2      | Reached XP level 4. HP: 28/36 MP: 0/10
  2432 | D:2      | Learned a level 3 spell: Frozen Ramparts
  3805 | D:3      | Reached XP level 5. HP: 39/41 MP: 4/12
  3997 | D:4      | Reached skill level 5 in Ice Magic
  4598 | D:4      | Reached skill level 1 in Ranged Weapons
  4657 | D:4      | Reached XP level 6. HP: 51/51 MP: 10/13
  5157 | D:5      | Entered Level 5 of the Dungeon
  5417 | D:5      | Reached XP level 7. HP: 36/57 MP: 6/15
  6709 | D:5      | Reached skill level 6 in Ice Magic
  7594 | D:6      | Reached XP level 8. HP: 17/66 MP: 9/17
  8468 | D:6      | Found a staircase to the Ecumenical Temple.
  8600 | Temple   | Entered the Ecumenical Temple
  8908 | D:7      | Got the Meditations on Shivering Blasting
  9163 | D:7      | Reached skill level 5 in Spellcasting
  9265 | D:7      | Reached skill level 7 in Ice Magic
  9285 | D:7      | Reached XP level 9. HP: 40/72 MP: 4/20
  9556 | D:7      | Reached skill level 5 in Fighting
  9756 | D:7      | Reached skill level 5 in Ranged Weapons
 10213 | D:8      | Found a flagged portal.
 10224 | Bailey   | Entered a bailey
 11300 | D:8      | HP: 1/68 [something (12)]
 11300 | D:8      | Shot with an arrow by a centaur

Illustrated notes

Levels and vault maps discovered:
D:1:      wander_arrival_peaceful_grave, layout_basic, serial_shops,
          nicolae_shop_window_shopping, shapermc_ecumenical_altar_mp_ritualfount
D:2:      layout_loops_ring, minmay_misc_feat_columns,
          minmay_randomly_rotated_circles
D:3:      layout_rooms, kennysheep_generic_room_11
D:4:      layout_loops_ring, nicolae_dithmenos_the_darkroom,
          mainiacjoe_overflow_boulevard, minmay_snake_closets
D:5:      layout_loops_corners, grunt_gozag_statues, goddamned_bats
D:6:      layout_basic, mainiacjoe_overflow_big_doors,
          nicolae_sif_muna_condensation, enter_ossuary_2
D:7:      layout_cave_pools, okawaru_gym_becter, minmay_ruined_shrine
D:8:      layout_cave_pools, lemuel_zombie_altar_kikubaaqudgha, enter_bailey_2
Temple:   minmay_temple_curvy_loop

Skill      XL: |  1  2  3  4  5  6  7  8  9 |
---------------+----------------------------+-----
Fighting       | 1 2 3 4 5 |  5.0
Dodging        | 2 3 4 |  4.3
Stealth        | 2 3 4 |  4.0
Spellcasting   | 2 3 4 5 |  5.0
Ice Magic      | 4 5 6 7 |  7.0
Ranged Weapons | 1 2 3 4 6 |  6.0

Action                   |  1- 3 |  4- 6 |  7- 9 || total
-------------------------+-------+-------+-------++-------
Melee: Unarmed           |    12 |       |       ||    12
       Short sword       |    13 |       |       ||    13
       Rapier            |       |       |    12 ||    12
       Punch             |       |       |     1 ||     1
 Fire: Sling             |    11 |   121 |    92 ||   224
       Shortbow          |       |       |   194 ||   194
 Cast: Freeze            |    69 |    56 |    12 ||   137
       Ozocubu's Armour  |     3 |    11 |    64 ||    78
       Frozen Ramparts   |       |     1 |    40 ||    41
  Use: Potion            |       |       |     2 ||     2
       Scroll            |       |       |     1 ||     1
 Stab: Sleeping          |     5 |       |       ||     5
Armor: Robe              |    20 |    32 |    77 ||   129
Dodge: Dodged            |    55 |    70 |   190 ||   315

Table legend: (Time is in decaauts)
 A = Elapsed time spent in this place.
 B = Non-inter-level travel time spent in this place.
 C = Inter-level travel time spent in this place.
 D = Time resting spent in this place.
 E = Time spent auto-exploring this place.
 F = Levels seen in this place.
 G = Mean time per level.
                   A        B        C        D        E       F      G
               +--------+--------+--------+--------+--------+-----+--------+
         Total |  11434 |  10537 |    897 |   4446 |   3888 |  10 | 1143.4 |
       Dungeon |  10410 |   9513 |    897 |   3788 |   3888 |   8 | 1301.2 |
        Temple |      8 |      8 |      0 |      0 |      0 |   1 |    8.0 |
        Bailey |   1014 |   1014 |      0 |    658 |      0 |   1 | 1014.0 |
               +--------+--------+--------+--------+--------+-----+--------+

Top non-repeatable levels by time:
     D:5: 2200 daAuts
     D:1: 1622 daAuts
     D:7: 1507 daAuts
     D:2: 1489 daAuts
     D:6: 1431 daAuts
     D:4: 1344 daAuts
  Bailey: 1014 daAuts
     D:3: 764 daAuts
     D:8: 51 daAuts
  Temple: 8 daAuts
